[Event "Titled Tuesday Blitz January 25 2022"]
[White "Rustemov, Alexander"]
[Black "Seletsky, Grigory"]
[WhiteFideId "4119002"]
[BlackFideId "14112191"]
[WhiteElo "2734"]
[BlackElo "2492"]
[Result "1/2-1/2"]
[Round "04"]
[TimeControl "180+1"]
[Date "2022.01.26"]
[WhiteClock "0:00:44"]
[BlackClock "0:00:43"]

1. d4 d5 2. c4 c6 3. Nc3 Nf6 4. e3 a6 5. Qc2 b5 6. b3 e6 7. Nf3 Bd6 8. Bd3 O-O 9. O-O Bb7 10. c5 Bc7 11. Bb2 Nbd7 12. Ne2 Re8 13. Ne5 a5 14. f4 g6 15. a3 Nxe5 16. dxe5 Nd7 17. Nd4 b4 18. axb4 axb4 19. Rxa8 Qxa8 20. Ra1 Qd8 21. Nf3 Qe7 22. Bd4 Ra8 23. Rxa8+ Bxa8 24. Qa2 Qd8 25. Qa4 Qb8 26. Ne1 Bd8 27. Nc2 Be7 28. Qa5 Qf8 29. Nxb4 Nxc5 30. Bxc5 Bxc5 31. Nc2 h5 32. Qc3 Bb6 33. b4 c5 34. bxc5 Bxc5 35. Nd4 Bb7 36. g3 Kg7 37. Kg2 Qe7 1/2-1/2


[Site "https://www.chess.com"]

[Event "Titled Tuesday Blitz January 25 2022"]
[White "Rychagov, Andrey"]
[Black "Guliev, Logman"]
[WhiteFideId "4119932"]
[BlackFideId "13400061"]
[WhiteElo "2500"]
[BlackElo "2128"]
[Result "1-0"]
[Round "04"]
[TimeControl "180+1"]
[Date "2022.01.26"]
[WhiteClock "0:01:45"]
[BlackClock "0:01:04"]

1. d4 d5 2. c4 e6 3. Nf3 Nf6 4. Nc3 Be7 5. Bf4 O-O 6. a3 c5 7. dxc5 Bxc5 8. e3 Nc6 9. Be2 dxc4 10. Bxc4 Be7 11. O-O b6 12. Qe2 Bb7 13. Rfd1 Qc8 14. Rac1 Rd8 15. Nb5 Rxd1+ 16. Rxd1 Na5 17. Bd3 Nd5 18. Bg3 a6 19. Nd6 Bxd6 20. Bxd6 h6 21. e4 Nf6 22. Be5 Ng4 23. Bf4 Nb3 24. h3 Nf6 25. Be5 Nd7 26. Bc3 Nbc5 27. Bc2 Qc7 28. b4 1-0


[Site "https://www.chess.com"]

[Event "Titled Tuesday Blitz January 25 2022"]
[White "Samadov, Read"]
[Black "Cremisi, Daniel"]
[WhiteFideId "13417444"]
[BlackFideId "2089882"]
[WhiteElo "2084"]
[BlackElo "2172"]
[Result "1-0"]
[Round "04"]
[TimeControl "180+1"]
[Date "2022.01.26"]
[WhiteClock "0:02:24"]
[BlackClock "0:02:04"]

1. d4 d5 2. c4 c6 3. Nf3 Nf6 4. g3 g6 5. Bg2 Bg7 6. O-O O-O 7. a4 Nbd7 8. a5 e6 9. b3 Qc7 10. Nc3 Re8 11. Bf4 Qd8 12. a6 b6 13. Ne5 Nxe5 14. Bxe5 Nd7 15. Bxg7 Kxg7 16. e4 dxc4 17. bxc4 Qc7 18. e5 Rb8 19. Ne4 c5 20. Nd6 Rf8 21. Nb5 Qd8 22. Nxa7 cxd4 23. Nc6 Qc7 24. Nxb8 1-0


[Site "https://www.chess.com"]

[Event "Titled Tuesday Blitz January 25 2022"]
[White "Sanal, Vahap"]
[Black "Yuan, Qingyu"]
[WhiteFideId "6300545"]
[BlackFideId "8609772"]
[WhiteElo "2603"]
[BlackElo "2359"]
[Result "1-0"]
[Round "04"]
[TimeControl "180+1"]
[Date "2022.01.26"]
[WhiteClock "0:01:14"]
[BlackClock "0:00:03"]

1. e4 c6 2. Nf3 d5 3. d3 dxe4 4. dxe4 Qxd1+ 5. Kxd1 Nf6 6. Nbd2 g6 7. Ne5 Bh6 8. f3 Nbd7 9. Nd3 O-O 10. Nc4 Bxc1 11. Kxc1 a5 12. a4 b6 13. b3 Ba6 14. Nde5 Bxc4 15. Nxc4 Rfd8 16. Kb2 Kf8 17. Be2 Ke8 18. g3 Rab8 19. e5 Nd5 20. f4 Nc5 21. Bf3 Nb4 22. Rad1 Ne6 23. c3 Nd5 24. Rd2 b5 25. Nxa5 bxa4 26. b4 Rb6 27. Nxc6 Rxc6 28. Bxd5 Rc7 29. Rhd1 Rdc8 30. Rd3 Ng7 31. b5 Rc5 32. Bc6+ R5xc6 33. bxc6 Ne6 34. Ka3 Rxc6 35. g4 h6 36. f5 gxf5 37. gxf5 1-0


[Site "https://www.chess.com"]

[Event "Titled Tuesday Blitz January 25 2022"]
[White "Saravana, Krishnan P."]
[Black "Bacrot, Etienne"]
[WhiteFideId "5018382"]
[BlackFideId "605506"]
[WhiteElo "2210"]
[BlackElo "2673"]
[Result "1-0"]
[Round "04"]
[TimeControl "180+1"]
[Date "2022.01.26"]
[WhiteClock "0:00:09"]
[BlackClock "0:00:14"]

1. e4 c5 2. Nf3 d6 3. Bc4 Nf6 4. Qe2 Nc6 5. c3 e6 6. Bb3 Be7 7. O-O O-O 8. d4 d5 9. e5 Ne4 10. Nbd2 Nxd2 11. Bxd2 Qb6 12. Be3 Bd7 13. Rad1 Na5 14. dxc5 Bxc5 15. Bxc5 Qxc5 16. Nd4 Nxb3 17. axb3 a5 18. f4 f6 19. Kh1 Qc7 20. Qe3 fxe5 21. fxe5 h6 22. Qg3 Qc5 23. h3 b5 24. Qg6 Qe7 25. Kh2 b4 26. cxb4 axb4 27. Rc1 Rac8 28. Rxf8+ Qxf8 29. Rxc8 Bxc8 30. Qg3 Bd7 31. Qe3 Qf1 32. Nf3 Qd1 33. Qc5 Qxb3 34. Qe7 Qa4 35. Nd4 b3 36. Nxe6 d4 37. Qxg7# 1-0


[Site "https://www.chess.com"]

[Event "Titled Tuesday Blitz January 25 2022"]
[White "Senthil Maran K"]
[Black "Rozhkov, Viacheslav"]
[WhiteFideId "25035681"]
[BlackFideId "4181484"]
[WhiteElo "2194"]
[BlackElo "2324"]
[Result "1-0"]
[Round "04"]
[TimeControl "180+1"]
[Date "2022.01.26"]
[WhiteClock "0:00:18"]
[BlackClock "0:00:18"]

1. d4 d5 2. Nf3 Nf6 3. g3 e6 4. Bg2 Be7 5. c4 O-O 6. Qc2 dxc4 7. Qxc4 Nc6 8. O-O a6 9. Bf4 Bd7 10. Nbd2 Rc8 11. Nb3 Nd5 12. Rac1 Nxf4 13. gxf4 b5 14. Qc2 Nb4 15. Qb1 Nd5 16. e3 f6 17. Nc5 Bxc5 18. Rxc5 Qe8 19. Rfc1 c6 20. Nd2 e5 21. fxe5 fxe5 22. Qe4 Qf7 23. Nf3 exd4 24. Qxd4 Bh3 25. Bxh3 Qxf3 26. Be6+ Kh8 27. Qh4 Nxe3 28. Qg3 Qxg3+ 29. hxg3 Nc4 30. Bxc4 bxc4 31. R1xc4 Rb8 32. b4 Rbd8 33. Rxc6 Rd1+ 34. Kg2 Rd2 35. Rf4 Rxf4 36. Rc8+ 1-0


[Site "https://www.chess.com"]

[Event "Titled Tuesday Blitz January 25 2022"]
[White "Shipov, Sergei"]
[Black "Potapova, Margarita"]
[WhiteFideId "4113624"]
[BlackFideId "14126869"]
[WhiteElo "2771"]
[BlackElo "2209"]
[Result "1-0"]
[Round "04"]
[TimeControl "180+1"]
[Date "2022.01.26"]
[WhiteClock "0:00:14"]
[BlackClock "0:00:01"]

1. d4 Nf6 2. c4 e6 3. Nc3 Bb4 4. Qc2 O-O 5. a3 Bxc3+ 6. Qxc3 d5 7. e3 b6 8. cxd5 Nxd5 9. Qc2 Bb7 10. Bd3 Nf6 11. Ne2 Nbd7 12. O-O c5 13. Nc3 Rc8 14. Qe2 Qe7 15. Rd1 e5 16. Bf5 Rcd8 17. d5 e4 18. Qc2 Rfe8 19. b3 Qe5 20. Bh3 Qg5 21. Bb2 Ne5 22. Nxe4 Nf3+ 23. Kh1 Nxe4 24. gxf3 Nf6 25. e4 Qh6 26. Bg2 Nh5 27. Rg1 Nf4 28. Bc1 Qh4 29. Bxf4 Qxf4 30. Qc1 Qe5 31. a4 Bc8 32. a5 Bd7 33. axb6 axb6 34. Ra7 Bb5 35. Qe3 h6 36. f4 Qb2 37. e5 Qd4 38. Qg3 Kh8 39. Bf3 Rg8 40. Rxf7 Kh7 41. Qg6+ 1-0


[Site "https://www.chess.com"]

[Event "Titled Tuesday Blitz January 25 2022"]
[White "Silich, Yahor"]
[Black "Badmatsyrenov, Oleg"]
[WhiteFideId "13513656"]
[BlackFideId "24115762"]
[WhiteElo "2101"]
[BlackElo "2403"]
[Result "1-0"]
[Round "04"]
[TimeControl "180+1"]
[Date "2022.01.26"]
[WhiteClock "0:00:37"]
[BlackClock "0:01:45"]

1. e4 c5 2. Nf3 e6 3. Nc3 a6 4. d4 cxd4 5. Nxd4 b5 6. Bd3 Qb6 7. Nf3 Qc7 8. O-O Bb7 9. Re1 Bc5 10. Qd2 Be7 11. Qe2 Nc6 12. e5 f5 13. Bf4 Nd8 14. Qe3 Nf7 15. Bxf5 exf5 16. e6 Nd6 17. exd7+ Qxd7 18. Rad1 O-O-O 19. Ne5 Qc7 20. Nf7 Qc6 21. Qe6+ Kb8 22. Nd5 Nf6 23. Nxd8 Rxd8 24. Qxe7 Rd7 25. Qf8+ Ka7 26. Be3+ 1-0


[Site "https://www.chess.com"]

[Event "Titled Tuesday Blitz January 25 2022"]
[White "Sjugirov, Sanan"]
[Black "Ruperez Benito, Antonio"]
[WhiteFideId "4189302"]
[BlackFideId "22245049"]
[WhiteElo "2979"]
[BlackElo "2781"]
[Result "1-0"]
[Round "04"]
[TimeControl "180+1"]
[Date "2022.01.26"]
[WhiteClock "0:00:27"]
[BlackClock "0:00:04"]

1. e4 c5 2. Nf3 e6 3. d3 Nc6 4. g3 g6 5. Bg2 Bg7 6. Qe2 Nge7 7. h4 h6 8. O-O O-O 9. c3 d5 10. e5 b6 11. Bf4 a5 12. a4 Ba6 13. Na3 Na7 14. c4 Rc8 15. Rfe1 Bb7 16. b3 d4 17. Nb1 Qc7 18. Nbd2 Rcd8 19. Ne4 Nec8 20. Nf6+ Kh8 21. Qd2 Bxf3 22. Bxf3 Ne7 23. Bxh6 Ng8 24. Bxg7+ Kxg7 25. Qg5 Nc6 26. Bxc6 Qxc6 27. Re4 Qc7 28. h5 Qe7 29. Rf4 Qb7 30. f3 Nh6 31. Kf2 Rh8 32. Rh1 Nf5 33. g4 Ne3 34. Ne4 Qc7 35. Qf6+ Kg8 36. Ng5 Rf8 37. h6 Rh7 38. Nxh7 1-0


[Site "https://www.chess.com"]

[Event "Titled Tuesday Blitz January 25 2022"]
[White "Song, Michael"]
[Black "Bryakin, Mikhail"]
[WhiteFideId "2613190"]
[BlackFideId "4165314"]
[WhiteElo "2274"]
[BlackElo "2421"]
[Result "1/2-1/2"]
[Round "04"]
[TimeControl "180+1"]
[Date "2022.01.26"]
[WhiteClock "0:00:23"]
[BlackClock "0:00:33"]

1. e4 e6 2. d4 d5 3. Nc3 Bb4 4. e5 c5 5. a3 Ba5 6. b4 cxd4 7. Nb5 Bb6 8. Nf3 Nc6 9. Bb2 h6 10. Nbxd4 Nxd4 11. Bxd4 Ne7 12. c4 dxc4 13. Bxc4 Nf5 14. Bb5+ Bd7 15. Bxb6 axb6 16. Qxd7+ Qxd7 17. Bxd7+ Kxd7 18. O-O-O+ Ke7 19. Kb2 h5 20. Rd3 Rhd8 21. Rhd1 Rxd3 22. Rxd3 f6 23. Kb3 b5 24. Rc3 Rd8 25. Rc5 Rd3+ 26. Kb2 Rd5 27. exf6+ gxf6 28. Rxd5 exd5 29. Kc3 Kd6 30. Nd4 Nxd4 31. Kxd4 Ke6 32. f3 h4 33. g4 h3 34. f4 b6 35. Ke3 Kd6 36. Kd4 Ke6 37. g5 Kf5 38. gxf6 Kxf6 39. Kxd5 Kf5 40. Kc6 Kxf4 41. Kxb5 Kf3 42. a4 Kg2 43. a5 bxa5 44. bxa5 Kxh2 45. a6 Kg1 46. a7 h2 47. a8=Q h1=Q 48. Qxh1+ Kxh1 1/2-1/2


[Site "https://www.chess.com"]

[Event "Titled Tuesday Blitz January 25 2022"]
[White "Stribuk, Artiom"]
[Black "Dastan, Muhammed Batuhan"]
[WhiteFideId "13515659"]
[BlackFideId "6300014"]
[WhiteElo "2224"]
[BlackElo "2410"]
[Result "0-1"]
[Round "04"]
[TimeControl "180+1"]
[Date "2022.01.26"]
[WhiteClock "0:00:01"]
[BlackClock "0:00:20"]

1. d4 d5 2. c4 c6 3. Nf3 Nf6 4. g3 dxc4 5. Bg2 g6 6. Ne5 Be6 7. Na3 Bd5 8. f3 b5 9. e4 Be6 10. O-O Bg7 11. Be3 O-O 12. b3 cxb3 13. axb3 Nfd7 14. Nd3 Re8 15. Qc2 Nf8 16. Rfc1 Bxd4 17. Bxd4 Qxd4+ 18. Kh1 Qb6 19. Nc5 Nbd7 20. Nxe6 Nxe6 21. Qxc6 Qxc6 22. Rxc6 a6 23. f4 Nd4 24. Rc7 Nxb3 25. Rb1 Ndc5 26. e5 Rac8 27. Ra7 e6 28. h4 Red8 29. Nc2 Rd2 30. Ne3 h5 31. Bb7 Rd7 32. Bxc8 Rxa7 33. Rd1 Kf8 34. g4 Ke7 35. gxh5 Rc7 36. hxg6 fxg6 37. Bxa6 Nxa6 38. Rd6 Nbc5 39. Rb6 Rb7 40. Rc6 b4 41. Nc4 b3 42. Nb2 Rb4 43. Kg2 Rxf4 44. Kg3 Re4 45. Rb6 Rxe5 46. Nc4 Rd5 47. Kf4 Rd4+ 48. Kg5 Rxc4 49. Kxg6 Rb4 50. Rc6 b2 51. Kg5 b1=Q 0-1


[Site "https://www.chess.com"]

[Event "Titled Tuesday Blitz January 25 2022"]
[White "Suarez Uriel, Adrian"]
[Black "Szpar, Milosz"]
[WhiteFideId "22230874"]
[BlackFideId "1184989"]
[WhiteElo "2316"]
[BlackElo "2447"]
[Result "1-0"]
[Round "04"]
[TimeControl "180+1"]
[Date "2022.01.26"]
[WhiteClock "0:01:35"]
[BlackClock "0:00:01"]

1. e4 c5 2. Ne2 Nc6 3. d4 cxd4 4. Nxd4 Nf6 5. Nc3 d6 6. Bg5 e6 7. Qd2 a6 8. O-O-O Bd7 9. f4 h6 10. Bh4 g5 11. fxg5 Ng4 12. Be2 Nge5 13. Nf3 Be7 14. Kb1 hxg5 15. Bg3 Qa5 16. Rhf1 Nxf3 17. gxf3 O-O-O 18. Bxd6 Be8 19. e5 Bxd6 20. exd6 Rxh2 21. Qe3 Qe5 22. Ne4 f5 23. Qb6 Rd7 24. Nc5 Qxe2 25. Nxd7 Qxc2+ 26. Ka1 Nd8 27. Rc1 Bxd7 28. Rxc2+ Rxc2 29. Kb1 Rc6 30. Rc1 g4 31. Rxc6+ Bxc6 32. Qc7# 1-0


[Site "https://www.chess.com"]

[Event "Titled Tuesday Blitz January 25 2022"]
[White "Sviridov, Valery"]
[Black "Zarubitski, Viachaslau"]
[WhiteFideId "4120680"]
[BlackFideId "13509373"]
[WhiteElo "2974"]
[BlackElo "2767"]
[Result "0-1"]
[Round "04"]
[TimeControl "180+1"]
[Date "2022.01.26"]
[WhiteClock "0:00:21"]
[BlackClock "0:00:10"]

1. Nf3 d5 2. g3 Nf6 3. Bg2 g6 4. O-O Bg7 5. d3 O-O 6. Nbd2 c5 7. e4 Nc6 8. exd5 Nxd5 9. Re1 b6 10. Nc4 Bb7 11. c3 e6 12. a4 Qc7 13. Qb3 Rab8 14. a5 Ba8 15. axb6 axb6 16. Na3 Na7 17. Nb5 Nxb5 18. Qxb5 Bc6 19. Qc4 Ra8 20. Bd2 Rxa1 21. Rxa1 Ra8 22. Rxa8+ Bxa8 23. h4 h6 24. d4 cxd4 25. Qa2 Bb7 26. Nxd4 Kh7 27. Qb1 Nf6 28. Bf4 Qd7 29. Nf3 Ng4 30. Qe1 e5 31. Bc1 e4 32. Nd2 e3 33. fxe3 Bxg2 34. Kxg2 Qe6 35. e4 Ne5 36. Qe2 Qa2 37. Nf3 Nxf3 38. Kxf3 Qb1 39. Bf4 Qh1+ 40. Ke3 h5 41. Qd2 Bf8 42. b4 Bg7 43. e5 Qg1+ 44. Kd3 Qf1+ 45. Kc2 Qc4 46. Qd3 Qa2+ 47. Kd1 Qa1+ 48. Kd2 Qa2+ 49. Ke3 Qe6 50. Qd4 f6 51. Qd6 Qc4 52. Qd3 Qe6 53. Qd6 Qc4 54. Kd2 fxe5 55. Bxe5 Bh6+ 56. Bf4 Bg7 57. Qd3 Qa2+ 58. Ke3 Qe6+ 59. Kf2 Qa2+ 60. Kf3 Qb3 61. Bd2 Qf7+ 62. Kg2 Qb7+ 63. Qf3 Qd7 64. Be1 b5 65. Bf2 Qe6 66. Bd4 Bxd4 67. cxd4 Qc4 68. d5 Qxb4 69. Qf7+ Kh6 70. Qe6 Qc4 71. Qe3+ Kg7 72. Qe7+ Kh6 73. d6 Qd5+ 74. Kf2 Qd2+ 75. Kf3 Qd5+ 76. Ke2 Qc4+ 77. Kd2 Qd4+ 78. Ke2 Qc4+ 79. Ke3 Qc3+ 80. Ke4 Qc4+ 81. Ke5 Qc5+ 82. Ke6 Qf5# 0-1


[Site "https://www.chess.com"]

[Event "Titled Tuesday Blitz January 25 2022"]
[White "Sychev, Klementy"]
[Black "Shkapenko, Pavel"]
[WhiteFideId "4114060"]
[BlackFideId "4151933"]
[WhiteElo "2944"]
[BlackElo "2759"]
[Result "1/2-1/2"]
[Round "04"]
[TimeControl "180+1"]
[Date "2022.01.26"]
[WhiteClock "0:00:02"]
[BlackClock "0:00:20"]

1. e4 e5 2. Nf3 Nc6 3. Bb5 Bc5 4. c3 f5 5. d4 fxe4 6. Bxc6 dxc6 7. Nxe5 Qd5 8. Bf4 Bd6 9. O-O Nf6 10. Nd2 O-O 11. Nb3 Ng4 12. Bg3 Bxe5 13. dxe5 Be6 14. h3 Nh6 15. Qxd5 Bxd5 16. Rfe1 Nf5 17. Bh2 b6 18. Nd2 e3 19. fxe3 Nh4 20. e4 Be6 21. Bg3 Rad8 22. Nb3 Ng6 23. Nd4 Rde8 24. Nxc6 Bd7 25. Nd4 Nxe5 26. Bxe5 Rxe5 27. Nf3 Re7 28. Re3 Rfe8 29. Rae1 c5 30. e5 Bc6 31. Nd2 Bd5 32. c4 Bc6 33. b3 Kf7 34. Ne4 Bxe4 35. Rxe4 Ke6 36. Kf2 Rd7 37. R1e2 Rd3 38. h4 Rf8+ 39. Kg1 Rf5 40. Kh2 h5 41. Kg1 a5 42. Kh2 Rf1 43. R4e3 Rd4 44. Rh3 Rf5 45. Kg1 Rd1+ 46. Kh2 Rd4 47. Kg1 Rd1+ 48. Kh2 Rd4 1/2-1/2


[Site "https://www.chess.com"]

[Event "Titled Tuesday Blitz January 25 2022"]
[White "Tikhonov, Viacheslav"]
[Black "Obolenskikh, Dmitry"]
[WhiteFideId "44196407"]
[BlackFideId "4156013"]
[WhiteElo "1773"]
[BlackElo "2512"]
[Result "0-1"]
[Round "04"]
[TimeControl "180+1"]
[Date "2022.01.26"]
[WhiteClock "0:00:20"]
[BlackClock "0:01:01"]

1. d4 d6 2. Nf3 Bg4 3. c4 Bxf3 4. exf3 c6 5. Nc3 Nf6 6. Qb3 Qb6 7. Be3 d5 8. cxd5 Qxb3 9. axb3 Nxd5 10. Nxd5 cxd5 11. Bb5+ Nc6 12. Kd2 e6 13. Rhc1 Bb4+ 14. Ke2 Kd7 15. Ra4 a5 16. Bd2 Bxd2 17. Kxd2 Kd6 18. Bxc6 bxc6 19. Rc5 Rhb8 20. Rcxa5 Rxa5 21. Rxa5 Rxb3 22. Kc2 Rb7 23. f4 f6 24. Kc3 h6 25. b4 g5 26. fxg5 hxg5 27. Ra8 g4 28. Rh8 Ra7 29. Rd8+ Ke7 30. Rg8 Ra2 31. Rxg4 Rxf2 32. h4 Rf1 33. Kc2 e5 34. Rg7+ Ke6 35. dxe5 fxe5 36. h5 Rh1 37. g4 d4 38. Rc7 Kd6 39. Rg7 Kd5 40. Rd7+ Kc4 41. Rd6 Rh2+ 42. Kd1 Kd3 43. Ke1 e4 44. h6 e3 45. Kf1 e2+ 0-1


[Site "https://www.chess.com"]

[Event "Titled Tuesday Blitz January 25 2022"]
[White "Timofeev, Artyom"]
[Black "Nestorovic, Nikola"]
[WhiteFideId "4140419"]
[BlackFideId "934526"]
[WhiteElo "2583"]
[BlackElo "2411"]
[Result "1-0"]
[Round "04"]
[TimeControl "180+1"]
[Date "2022.01.26"]
[WhiteClock "0:01:19"]
[BlackClock "0:00:04"]

1. d4 Nf6 2. Nf3 e6 3. Bg5 c5 4. d5 exd5 5. Nc3 d4 6. Bxf6 Qxf6 7. Nd5 Qd8 8. e3 dxe3 9. Qe2 d6 10. Qxe3+ Be6 11. Ng5 Qd7 12. Nf4 Nc6 13. Ngxe6 fxe6 14. Nxe6 Be7 15. Bc4 Ne5 16. Bb5 Nc6 17. O-O-O a6 18. Bc4 Ne5 19. Bd5 g5 20. Rhe1 Qa4 21. Kb1 Kd7 22. Nxc5+ dxc5 23. Bb3+ 1-0


[Site "https://www.chess.com"]

[Event "Titled Tuesday Blitz January 25 2022"]
[White "Tregubov, Pavel V."]
[Black "Hoffmann, Asa"]
[WhiteFideId "4115341"]
[BlackFideId "2001470"]
[WhiteElo "2341"]
[BlackElo "2117"]
[Result "1-0"]
[Round "04"]
[TimeControl "180+1"]
[Date "2022.01.26"]
[WhiteClock "0:00:58"]
[BlackClock "0:00:32"]

1. e4 d6 2. d4 Nf6 3. Nc3 c6 4. Nf3 Bg4 5. Be2 e6 6. O-O d5 7. Ne5 Bxe2 8. Qxe2 dxe4 9. Rd1 Nbd7 10. Bg5 Be7 11. Nxd7 Qxd7 12. Bxf6 Bxf6 13. Nxe4 Be7 14. c4 O-O 15. Rd3 Rad8 16. Rad1 f5 17. Nd2 Bf6 18. Nf3 Rfe8 19. Ne5 Bxe5 20. dxe5 Qe7 21. Qe3 b6 22. Qd2 Rxd3 23. Qxd3 Qc5 24. Qd4 Qb4 25. h4 h6 26. h5 b5 27. c5 Qxd4 28. Rxd4 Kf7 29. Rd6 Rc8 30. Rd7+ Kf8 31. Rxa7 Rd8 32. Rc7 Rd5 33. Rxc6 Rxe5 34. Kf1 Rd5 35. Ke2 e5 36. b4 e4 37. Rb6 Rd3 38. Rxb5 Ra3 39. Rb7 Rxa2+ 40. Ke3 Rb2 41. c6 Rb3+ 42. Kf4 Rc3 43. c7 1-0


[Site "https://www.chess.com"]

[Event "Titled Tuesday Blitz January 25 2022"]
[White "Triapishko, Alexandr"]
[Black "Vakhlamov, Igor L."]
[WhiteFideId "14122286"]
[BlackFideId "24126748"]
[WhiteElo "2479"]
[BlackElo "2401"]
[Result "1/2-1/2"]
[Round "04"]
[TimeControl "180+1"]
[Date "2022.01.26"]
[WhiteClock "0:00:04"]
[BlackClock "0:00:24"]

1. d4 d5 2. c4 c6 3. Nf3 Nf6 4. g3 Bf5 5. Bg2 e6 6. Qb3 Qb6 7. c5 Qa6 8. O-O b6 9. cxb6 axb6 10. Nc3 Be7 11. Ne5 O-O 12. Bf4 c5 13. e3 Rc8 14. Rfc1 Nc6 15. Qb5 Nxe5 16. Qxa6 Rxa6 17. dxe5 Nh5 18. e4 Nxf4 19. gxf4 dxe4 20. Bxe4 Bxe4 21. Nxe4 Ra4 22. f3 f5 23. exf6 Bxf6 24. Nxf6+ gxf6 25. Re1 Kf7 26. Rad1 Rc6 27. f5 exf5 28. Rd7+ Kg6 29. a3 Rd4 30. Rxd4 cxd4 31. Rd1 Rc2 32. Rxd4 Rxb2 33. a4 Kg5 34. h4+ Kh5 35. Rf4 Kg6 36. Rd4 h6 37. Kf1 Ra2 38. Kg1 Kf7 39. h5 Rb2 40. Rd7+ Ke6 41. Rh7 Ra2 42. Rxh6 Rxa4 43. Rh8 Kf7 44. Kg2 Kg7 45. Rb8 Rb4 46. Kg3 Kh6 47. Rh8+ Kg7 48. Rb8 Kh7 49. Rc8 b5 50. Rf8 Kg7 51. Rb8 Kh6 52. Rh8+ Kg7 53. Rb8 Kh6 54. Rh8+ Kg7 55. Rb8 1/2-1/2


[Site "https://www.chess.com"]

[Event "Titled Tuesday Blitz January 25 2022"]
[White "Tristan, Leonardo"]
[Black "Vasquez Schroeder, Rodrigo"]
[WhiteFideId "113816"]
[BlackFideId "3400042"]
[WhiteElo "2731"]
[BlackElo "2861"]
[Result "1-0"]
[Round "04"]
[TimeControl "180+1"]
[Date "2022.01.26"]
[WhiteClock "0:00:08"]
[BlackClock "0:00:35"]

1. d4 d5 2. Nf3 Nf6 3. Bf4 c5 4. e3 Nc6 5. Nbd2 cxd4 6. exd4 Bf5 7. Bb5 e6 8. Ne5 Rc8 9. Nxc6 bxc6 10. Ba6 Rb8 11. Bxb8 Qxb8 12. Nb3 Bb4+ 13. c3 Bd6 14. Bd3 Bg4 15. Be2 Bf5 16. h3 Ne4 17. Bd3 O-O 18. Qc2 Bg6 19. O-O Qc7 20. c4 Rc8 21. cxd5 exd5 22. Rac1 Qb6 23. Nc5 Bxc5 24. dxc5 Qb4 25. a3 Qd4 26. Rfd1 Qf6 27. b4 h5 28. Re1 Rb8 29. Rcd1 a5 30. Bxe4 Bxe4 31. Qd2 axb4 32. axb4 Ra8 33. f3 Bf5 34. Qf4 Ra2 35. Rd2 Ra3 36. h4 Qg6 37. Qg5 Qxg5 38. hxg5 Kh7 39. Re7 Be6 40. Rc7 Rb3 41. Rd4 Kg6 42. Rxc6 Kxg5 43. Rd6 Kf5 44. f4 Rc3 45. c6 Kf6 46. b5 Ke7 47. R6xd5 Bxd5 48. Rxd5 g6 49. Rd7+ Ke6 50. Rb7 Rc5 51. c7 Kd7 52. b6 1-0


[Site "https://www.chess.com"]

[Event "Titled Tuesday Blitz January 25 2022"]
[White "Vlassov, Nikolai"]
[Black "Stepanencu, Nicodim-Cosmin"]
[WhiteFideId "4103360"]
[BlackFideId "1256220"]
[WhiteElo "2407"]
[BlackElo "1809"]
[Result "1-0"]
[Round "04"]
[TimeControl "180+1"]
[Date "2022.01.26"]
[WhiteClock "0:00:30"]
[BlackClock "0:00:01"]

1. e4 c5 2. c3 Nf6 3. e5 Nd5 4. d4 cxd4 5. cxd4 d6 6. Bc4 Nb6 7. Bb3 dxe5 8. Qh5 e6 9. dxe5 Nc6 10. Nc3 g6 11. Qg5 Qxg5 12. Bxg5 Bg7 13. f4 h6 14. Bf6 Bxf6 15. exf6 O-O 16. Nf3 e5 17. Nxe5 Nxe5 18. fxe5 Re8 19. O-O-O Bg4 20. Rd4 Bf5 21. Re1 Rac8 22. Kd2 Rc5 23. Bd5 Nxd5 24. Nxd5 Rc2+ 25. Kd1 Rxb2 26. Ne7+ Kh7 27. Nxf5 gxf5 28. Rd7 Kg6 29. Re3 Rxg2 30. Rxb7 f4 31. Re4 Kf5 32. Rbb4 Rxe5 33. Rxf4+ Kg5 34. h4+ Kh5 35. a4 Rd5+ 36. Ke1 Rc5 37. Rbc4 Rxc4 38. Rxc4 Rg4 39. Rc7 Kg6 40. Rxa7 Kxf6 41. h5 Kg5 42. Ra5+ f5 43. Kf2 Rb4 44. Kg3 1-0


[Site "https://www.chess.com"]

[Event "Titled Tuesday Blitz January 25 2022"]
[White "Wagner, Dennis"]
[Black "Nesterov, Arseniy"]
[WhiteFideId "24650684"]
[BlackFideId "24198455"]
[WhiteElo "2748"]
[BlackElo "2889"]
[Result "0-1"]
[Round "04"]
[TimeControl "180+1"]
[Date "2022.01.26"]
[WhiteClock "0:00:01"]
[BlackClock "0:00:04"]

1. d4 d5 2. Nf3 Nf6 3. c4 e6 4. g3 a6 5. Bg2 dxc4 6. O-O Nc6 7. Nc3 Rb8 8. e4 b5 9. d5 Nb4 10. b3 exd5 11. exd5 Be7 12. bxc4 bxc4 13. Nd4 Bd7 14. Qe2 Nd3 15. Ba3 Kf8 16. Nc2 Bb5 17. Qe3 g6 18. Qh6+ Kg8 19. Bxe7 Qxe7 20. Rab1 Ng4 21. Qd2 Kg7 22. Nd4 Bd7 23. Ne4 Qe5 24. Rxb8 Rxb8 25. Nc6 Bxc6 26. dxc6 Rb2 27. Qd1 f5 28. Ng5 Ngxf2 29. Qf3 Ng4 30. Kh1 h6 31. Nh3 Qd4 32. Nf4 Nxf4 33. gxf4 Nf2+ 34. Kg1 Ne4+ 35. Kh1 Nd2 36. Qe2 Ne4 37. Qe1 c3 38. Bxe4 Qxe4+ 0-1


[Site "https://www.chess.com"]

[Event "Titled Tuesday Blitz January 25 2022"]
[White "Weetik, Vjacheslav"]
[Black "Siva Mahadevan"]
[WhiteFideId "4153472"]
[BlackFideId "25043153"]
[WhiteElo "2757"]
[BlackElo "2924"]
[Result "0-1"]
[Round "04"]
[TimeControl "180+1"]
[Date "2022.01.26"]
[WhiteClock "0:00:32"]
[BlackClock "0:01:06"]

1. e4 c5 2. Nf3 Nc6 3. Bb5 Na5 4. c3 a6 5. Be2 b5 6. d4 cxd4 7. cxd4 Bb7 8. d5 Nf6 9. Nbd2 e6 10. O-O Bc5 11. Bd3 O-O 12. d6 Nh5 13. e5 f5 14. Re1 Nf4 15. Bf1 Qb6 16. b4 Bxf2+ 17. Kh1 Nc6 18. Nb3 Nd5 19. Nc5 Bxe1 20. Nxd7 Qf2 21. Nxf8 Qxf1+ 22. Ng1 Rxf8 23. Bd2 Nxe5 24. Qxe1 Qxe1 25. Rxe1 Nc4 0-1


[Site "https://www.chess.com"]

[Event "Titled Tuesday Blitz January 25 2022"]
[White "Weishaeutel, Moritz"]
[Black "Fawzy, Adham"]
[WhiteFideId "12967300"]
[BlackFideId "10613129"]
[WhiteElo "2002"]
[BlackElo "2510"]
[Result "0-1"]
[Round "04"]
[TimeControl "180+1"]
[Date "2022.01.26"]
[WhiteClock "0:00:01"]
[BlackClock "0:01:23"]

1. e4 c5 2. b4 e5 3. Nf3 Nc6 4. b5 Nd4 5. c3 Nxf3+ 6. Qxf3 Nf6 7. Bc4 d6 8. d3 Be6 9. O-O Be7 10. Bg5 O-O 11. Nd2 Qd7 12. Bxf6 Bxf6 13. Rfe1 Bg5 14. Nf1 a6 15. bxa6 b5 16. Bd5 Rxa6 17. Ne3 Bxe3 18. Qxe3 Bxd5 19. exd5 Rfa8 20. d4 exd4 21. cxd4 c4 22. h3 h6 23. a3 b4 24. Qe2 Qb5 25. Rec1 Qxd5 26. Rxc4 bxa3 27. Rc8+ Rxc8 28. Qxa6 Ra8 29. Qb6 a2 30. Kh2 Qc4 31. Qb7 Qa6 32. Qd5 Qa3 33. Qb5 g6 34. Qd5 Ra7 35. Qc6 Qb2 36. Qc8+ Kg7 37. Re1 Qxd4 38. Re8 Qe5+ 39. Rxe5 dxe5 40. Qc3 a1=Q 41. Qc5 Qd4 42. Qc8 Qf4+ 0-1


[Site "https://www.chess.com"]

[Event "Titled Tuesday Blitz January 25 2022"]
[White "Willow, Jonah B"]
[Black "Sapunov, Evgeny"]
[WhiteFideId "438804"]
[BlackFideId "4126661"]
[WhiteElo "2872"]
[BlackElo "2737"]
[Result "1-0"]
[Round "04"]
[TimeControl "180+1"]
[Date "2022.01.26"]
[WhiteClock "0:02:07"]
[BlackClock "0:01:16"]

1. e4 c5 2. Nf3 d6 3. Nc3 Nc6 4. d4 cxd4 5. Nxd4 Nf6 6. g3 e6 7. Bg2 Qc7 8. O-O Be7 9. Nb3 O-O 10. Be3 a6 11. f4 b5 12. a3 Rb8 13. g4 Bb7 14. g5 Nd7 15. Qh5 Rfe8 16. Rf3 g6 17. Qh6 Bf8 18. Qh4 Bg7 19. Rh3 Nf8 20. f5 Ne5 21. f6 Bh8 22. Rf1 Ba8 23. Nd2 a5 24. Nf3 b4 25. axb4 axb4 26. Nxe5 dxe5 27. Nd1 Qxc2 28. Nf2 Rb7 29. Bf3 Qb3 30. Ng4 h5 31. Nh6+ Kh7 32. Bxh5 1-0


[Site "https://www.chess.com"]